AoeStats
← RodentDogsRCool

MegaRandom

505555923Analyzed
1v1 RM · 23d ago on Sep 10, 2026· 46m 7s· 2 players
Game mode
Random Map
Map size
Tiny (2 player)
Population
200
Speed
Normal
Resources
Standard
Victory
Conquest
Starting age
Dark Age
Ending age
Imperial Age
RankedLock teamsTeams togetherTeam positionsShared explorationLock speedFull tech treeHidden civsTurbo modeCheats
Victory
Defeat
🇺🇸 Persians · United States
969
+17
🇨🇦 Huns · Canada
989
-17
RodentDogsRCool
7:45 Loom
10:58 Feudal Age
11:45 Double-Bit Axe
14:36 Wheelbarrow
17:33 Castle Age
16:29 Scale Barding Armor
16:35 Forging
16:12 Horse Collar
17:20 Bloodlines
20:12 Forging
20:29 Husbandry
23:04 Bow Saw
24:22 Chain Barding Armor
30:16 Imperial Age
29:22 Iron Casting
29:43 Hand Cart
30:25 Cavalier
33:10 Medium Warships
34:18 Plate Barding Armor
35:49 Chemistry
37:28 Fletching
38:40 Heavy Warships
39:29 Two-Man Saw
39:37 Bodkin Arrow
41:03 Citadels
45:58 Elite Cannon Galleon
Webb
9:59 Feudal Age
9:06 Loom
12:23 Double-Bit Axe
15:33 Castle Age
17:29 Wheelbarrow
17:28 Horse Collar
24:07 Pikeman
26:10 Stone Mining
26:10 Gold Mining
27:36 Squires
29:23 Medium Warships
29:23 Fletching
30:09 Bow Saw
30:02 Heavy Plow
39:22 Imperial Age
38:31 Scale Barding Armor
41:25 Chain Barding Armor
41:01 Bodkin Arrow
41:52 Parthian Tactics
44:41 Thumb Ring
Connection lost

Rejoining the realm…

Still unreachable

The connection could not be restored.

Session expired

The server has moved on; the page needs a fresh start.